 Dungeon Crawl Stone Soup version 0.27.0-1-g7a089689b8 (webtiles) character file.

Game seed: 9696023196491051919

17 BOMJPIETVODKU the Insei (level 2, -9/33 HPs)
             Began as a Demonspawn Gladiator on Aug 4, 2021.
             Killed by divine providence
             ... invoked by an orc priest
              (11 damage)
             ... on level 2 of the Dungeon.
             The game lasted 00:03:14 (924 turns).

BOMJPIETVODKU the Insei (Demonspawn Gladiator)       Turns: 924, Time: 00:03:15

Health: -9/33      AC:  4    Str: 14    XL:     2   Next: 44%
Magic:  2/2        EV: 12    Int:  9    God:
Gold:   23         SH:  0    Dex: 14    Spells: 1/1 levels left

rFire    . . .     SeeInvis .     - Unarmed
rCold    . . .     Faith    .   (no shield)
rNeg     . . .     Spirit   .   a - +0 leather armour
rPois    .         Reflect  .   b - +0 helmet
rElec    .         Harm     .   (no cloak)
rCorr    .         Rampage  .   (no gloves)
Will     .....                  (no boots)
Stlth    ..........             (no amulet)
HPRegen  0.11/turn              (no ring)
MPRegen  0.08/turn              (no ring)

@: berserking, very quick
A: powered by pain 1
a: no special abilities


You were on level 2 of the Dungeon.
You visited 1 branch of the dungeon, and saw 2 of its levels.

You collected 23 gold pieces.

Inventory:

Missiles
 c - 3 throwing nets (quivered)
Armour
 a - a +0 leather armour (worn)
 b - a +0 helmet (worn)
Scrolls
 e - a scroll of fog {unknown}


   Skills:
 * Level 2.2 Fighting
 - Level 1.7 Throwing
 * Level 0.6 Armour
 - Level 2.9 Dodging
 + Level 3.0 Unarmed Combat


You had one spell level left.
You didn't know any spells.
Your spell library contained the following spells:

 Spells                   Type           Power      Damage    Failure   Level
 Blink                    Tloc           N/A        N/A       61%         2
 Lesser Beckoning         Tloc           0%         N/A       83%         3
 Manifold Assault         Tloc           0%         N/A       100%        5


Dungeon Overview and Level Annotations

Branches:
Dungeon (1/15)

Altars:
Wu Jian


Innate Abilities, Weirdness & Mutations

You sometimes gain a little power by taking damage.


Message History

The orc barely misses you.
You hit the orc.
The orc is moderately wounded.
The orc barely misses you.
You barely miss the orc.
The orc is moderately wounded.
The orc closely misses you.
You closely miss the orc.
The orc is moderately wounded.
The orc hits you with a +0 flail.
You hit the orc but do no damage.
The orc is moderately wounded.
The orc hits you with a +0 flail.
You barely miss the orc.
The orc is moderately wounded.
The orc closely misses you.
The orc priest invokes the aid of Beogh against you.
Beogh smites you!
Ouch! That really hurt!
* * * LOW HITPOINT WARNING * * *
Okay, then.
As you read the scroll labelled HEGROL OMAMA, it crumbles to dust.
It is a scroll of identify.
f - a potion of berserk rage The orc hits you with a +0 flail.
* * * LOW HITPOINT WARNING * * *
A red film seems to cover your vision as you go berserk!
You feel yourself moving faster!
You feel mighty! The orc completely misses you.
You completely miss the orc.
The orc is moderately wounded.
The orc misses you.
The orc priest looks encouraged for a moment.
You punch the orc!
You kill the orc!
You punch the orc!
You kill the orc!
The orc priest mumbles some strange prayers to Beogh against you.
Beogh smites you!
You die...

#(# #.# #.# #.#
.♣♣ #.# ♣♣.♣♣
#.# ♣...♣♣ #.#
♣....♣ #.#
#....# #@#
....# #)# #...#
#.# #..#
#.#####.#####.
#.o..o.o......#
###############


You could see an orc priest.

Vanquished Creatures
  2 orcs (D:2)
  3 endoplasms (D:1)
  A giant cockroach (D:2)
  2 hobgoblins (D:1)
  2 kobolds (D:1)
  2 bats (D:1)
  2 goblins (D:1)
  A rat (D:1)
15 creatures vanquished.

Notes
Turn   | Place    | Note
-------+----------+-------------------------------------------
     0 | D:1      | BOMJPIETVODKU the Demonspawn Gladiator began the quest for
                  | the Orb.
     0 | D:1      | Reached XP level 1. HP: 16/16 MP: 1/1
   575 | D:1      | Gained mutation: You sometimes gain a little power by
                  | taking damage. [demonic ancestry]
   575 | D:1      | Reached XP level 2. HP: 21/22 MP: 2/2
   680 | D:1      | Reached skill level 3 in Unarmed Combat
   685 | D:1      | You fall into a shaft and drop 1 floor!
   825 | D:2      | Found an ornate altar of the Wu Jian Council.
   919 | D:2      | HP: 1/22 [orc (2)]
   924 | D:2      | Killed from afar by an orc priest

Illustrated notes

Levels and vault maps discovered:
D:1:      minmay_arrival_five_plusses, layout_basic,
          shapermc_ecumenical_altar_mp_vishouse, serial_shops,
          nicolae_shop_competitors_out_of_business, bh_walls_and_bars
D:2:      layout_loops_ring, basic_altar, uniq_robin, uniq_crazy_yiuf_cottage

Skill      XL: |  1  2 |
---------------+-------+-----
Unarmed Combat | 3 |  3.0
Fighting       | |  2.2
Throwing       | |  1.7
Armour         | |  0.6
Dodging        | |  2.9

Action                   || total
-------------------------++-------
Melee: Unarmed           ||    75
       Punch             ||     1
  Use: Scroll            ||     1
       Potion            ||     1
 Stab: Distracted        ||     1
Armor: Leather armour    ||    24
Dodge: Dodged            ||    56
